[Event "ICC tourney 2957 (40 10)"]
[Site "Internet Chess Club"]
[Date "2022.07.09"]
[Round "1"]
[White "MARKOVIC, GORAN:Goran21"]
[Black "SHEEHAN, ETHAN THOMAS:Chessking2008"]
[Result "0-1"]
[ICCResult "White resigns"]
[WhiteElo "1815"]
[BlackElo "2255"]
[Opening "Sicilian: Hungarian variation"]
[ECO "B27"]
[NIC "SI.43"]
[Time "11:02:55"]
[PlyCount "110"]
[TimeControl "2400+10"]

1. e4 c5 2. Nf3 g6 3. d3 Bg7 4. g3 Nc6 5. Bg2 e6 6. O-O Nge7 7. Nbd2 O-O 8.
c3 d5 9. Qe2 b6 10. e5 Ba6 11. Re1 Qc7 12. Nf1 b5 13. Bf4 b4 14. c4 Rad8 15.
b3 Nf5 16. cxd5 Rxd5 17. Rad1 Rfd8 18. Ne3 Rxd3 19. Rxd3 Bxd3 20. Qb2 Nxe3
21. Rxe3 Bb5 22. Qc1 Nd4 23. Nxd4 Rxd4 24. h4 Bf8 25. h5 Bc6 26. Bf1 Qd7 27.
Qc2 Qd5 28. f3 Rd1 29. hxg6 hxg6 30. Qe2 Qd7 31. Rd3 Rxd3 32. Qxd3 Qxd3 33.
Bxd3 Bxf3 34. Kf2 Bd5 35. Ke3 Be7 36. g4 Kf8 37. g5 Ke8 38. Bb5+ Kd8 39. Kd3
Bg2 40. Ba4 Bf1+ 41. Ke4 c4 42. bxc4 Bxc4 43. Be3 Bxa2 44. Bxa7 Bd5+ 45. Kd4
Kc7 46. Be8 b3 47. Bxf7 b2 48. Bxg6 Ba2 49. Bc5 Bxc5+ 50. Kxc5 b1=Q 51. Bxb1
Bxb1 52. g6 Bxg6 53. Kd4 Kc6 54. Ke3 Kd5 55. Kf4 Bf5 {White resigns} 0-1

[Event "ICC tourney 2957 (40 10)"]
[Site "Internet Chess Club"]
[Date "2022.07.09"]
[Round "1"]
[White "Volkov, Sergey:Volkov"]
[Black "CARTER, DAVID E:CARTERD253"]
[Result "1-0"]
[ICCResult "Black resigns"]
[WhiteElo "2560"]
[BlackElo "1929"]
[Opening "QGD: exchange, positional line"]
[ECO "D35"]
[NIC "QO.16"]
[Time "11:15:24"]
[PlyCount "47"]
[TimeControl "2400+10"]

1. d4 d5 2. c4 e6 3. Nc3 Nf6 4. cxd5 exd5 5. Bg5 Be7 6. e3 c6 7. Qc2 Nbd7 8.
Nf3 Nh5 9. h4 h6 10. Bxe7 Qxe7 11. O-O-O Nb6 12. Kb1 Bd7 13. Rc1 O-O-O 14.
Bd3 Kb8 15. Na4 Nxa4 16. Qxa4 g6 17. Rc3 Bf5 18. Bxf5 gxf5 19. Ne5 Rc8 20.
Rhc1 Rc7 21. Ra3 a6 22. Rxc6 Rxc6 23. Nxc6+ bxc6 24. Qxc6 {Black resigns}
1-0

[Event "ICC tourney 2957 (40 10)"]
[Site "Internet Chess Club"]
[Date "2022.07.09"]
[Round "1"]
[White "POWER, SEAN K:KnightHopper"]
[Black "ALEKSANDROV, ALEKSEJ:Aleksandrov73"]
[Result "0-1"]
[ICCResult "White resigns"]
[WhiteElo "1893"]
[BlackElo "2554"]
[Opening "Scotch: Mieses variation"]
[ECO "C45"]
[NIC "SO.04"]
[Time "11:17:24"]
[PlyCount "42"]
[TimeControl "2400+10"]

1. e4 e5 2. Nf3 Nc6 3. d4 exd4 4. Nxd4 Nf6 5. Nxc6 bxc6 6. e5 Qe7 7. Qe2 Nd5
8. c4 Nb6 9. Nc3 a5 10. Qe4 g6 11. Bd3 Bg7 12. Bf4 a4 13. O-O-O Ba6 14. a3
O-O 15. Qd4 f6 16. Rhe1 c5 17. exf6 Qxe1 18. Qxc5 Qe6 19. Bxc7 Rxf6 20. Bxb6
Rc8 21. Qe3 Qxb6 {White resigns} 0-1

[Event "ICC tourney 2957 (40 10)"]
[Site "Internet Chess Club"]
[Date "2022.07.09"]
[Round "1"]
[White "YIM, SUNGHO:polygon3"]
[Black "Gaw, Chloe:HarleyQueen8"]
[Result "1-0"]
[ICCResult "Black resigns"]
[WhiteElo "2301"]
[BlackElo "1822"]
[Opening "QGA: classical, 6...a6"]
[ECO "D27"]
[NIC "QG.07"]
[Time "11:00:28"]
[PlyCount "123"]
[TimeControl "2400+10"]

1. d4 d5 2. c4 dxc4 3. e3 Nf6 4. Bxc4 e6 5. Nf3 c5 6. O-O a6 7. Nbd2 b5 8.
Be2 Bb7 9. a4 b4 10. dxc5 Bxc5 11. Nb3 Bb6 12. a5 Bc7 13. Qxd8+ Kxd8 14. Bd2
Bd6 15. Rfc1 Nbd7 16. Nfd4 Ne4 17. Be1 Nec5 18. Nxc5 Bxc5 19. Ra4 Bxd4 20.
exd4 Rc8 21. Rxc8+ Kxc8 22. Rxb4 Rd8 23. f3 Nb8 24. Bc3 Nc6 25. Ra4 Rd5 26.
Kf2 Kd7 27. Bd3 Ne7 28. Rb4 Kc7 29. Be4 Rb5 30. Rxb5 axb5 31. Bd3 Bc6 32. d5
Nxd5 33. Bxg7 Kb7 34. Bxh7 Ka6 35. h4 Nf4 36. Be5 Ng6 37. Bf6 Kxa5 38. h5
Be8 39. hxg6 fxg6 40. Bg8 Kb6 41. Bxe6 Kc5 42. Ke3 Kd6 43. Bb3 Kc5 44. g4
Kb4 45. Be6 Kc5 46. Be7+ Kc6 47. Kd4 Kb6 48. b4 Kc6 49. Ke5 Kb6 50. f4 Bc6
51. f5 gxf5 52. gxf5 Be8 53. f6 Bh5 54. f7 Bxf7 55. Bxf7 Ka6 56. Kd6 Kb6 57.
Bd5 Ka6 58. Kc6 Ka7 59. Kxb5 Kb8 60. Kc6 Ka7 61. b5 Kb8 62. b6 {Black
resigns} 1-0

[Event "ICC tourney 2957 (40 10)"]
[Site "Internet Chess Club"]
[Date "2022.07.09"]
[Round "1"]
[White "MAMMADOV, ZAUR:zaur94"]
[Black "WEI, JAMES:garynanoman"]
[Result "1-0"]
[ICCResult "Black resigns"]
[WhiteElo "2552"]
[BlackElo "1845"]
[Opening "Sicilian: Alapin's variation (2.c3)"]
[ECO "B22"]
[NIC "SI.46"]
[Time "11:12:57"]
[PlyCount "65"]
[TimeControl "2400+10"]

1. e4 c5 2. c3 d5 3. exd5 Qxd5 4. d4 g6 5. Na3 Bg7 6. Nb5 Na6 7. Be3 cxd4 8.
Bxd4 Nf6 9. Nf3 O-O 10. Be2 Bg4 11. a4 Rfe8 12. O-O Rad8 13. h3 Bf5 14. Bxa7
Qe4 15. Qe1 Nd5 16. Nfd4 Nf4 17. Bf3 Qxe1 18. Rfxe1 Nd3 19. Re2 Nf4 20. Re3
Bc8 21. Rae1 e5 22. Nb3 Nd3 23. Rb1 Bh6 24. Re2 Nf4 25. Ree1 Bf5 26. Bxb7
Nb8 27. a5 Bd3 28. Na3 Bxb1 29. Rxb1 Rd7 30. Nc5 Rxb7 31. Nxb7 Re7 32. Bxb8
Rxb7 33. Bxe5 {Black resigns} 1-0

[Event "ICC tourney 2957 (40 10)"]
[Site "Internet Chess Club"]
[Date "2022.07.09"]
[Round "1"]
[White "Turcotte, Jonathan:JonnyTurgi"]
[Black "Laido, Olivia:beibeiolivia"]
[Result "1-0"]
[ICCResult "Black checkmated"]
[WhiteElo "2000"]
[BlackElo "1648"]
[Opening "QGD: Tartakower (Makagonov-Bondarevsky) system"]
[ECO "D58"]
[NIC "QO.10"]
[Time "11:00:22"]
[PlyCount "129"]
[TimeControl "2400+10"]

1. d4 d5 2. c4 e6 3. Nf3 Nf6 4. Nc3 Be7 5. Bg5 h6 6. Bh4 O-O 7. e3 b6 8. Bd3
Bb7 9. O-O Nbd7 10. Qe2 Rc8 11. Rfd1 c5 12. cxd5 exd5 13. Ba6 Bxa6 14. Qxa6
cxd4 15. Nxd4 Nc5 16. Qe2 Nce4 17. Ncb5 Qd7 18. f3 Nc5 19. g4 g5 20. Bg3
Rfd8 21. Nf5 Bf8 22. Rd2 a6 23. Nc3 Qe6 24. Rad1 Rd7 25. h3 b5 26. Qf2 Kh7
27. Ne2 Qb6 28. Be5 Rcd8 29. Bd4 Qe6 30. Qh2 Nb7 31. h4 gxh4 32. Nf4 Qe8 33.
Bxf6 Rc8 34. Bd4 Na5 35. Nh5 Rc6 36. b3 Qd8 37. Qe5 f6 38. Nxf6+ Rxf6 39.
Qxf6 Qxf6 40. Bxf6 Nc6 41. Rxd5 Rf7 42. Bxh4 Nb8 43. Bg3 Nc6 44. Rd7 Rxd7
45. Rxd7+ Kg8 46. Rc7 Nb4 47. a3 Nd5 48. Rc8 Kf7 49. e4 Nb6 50. Rc7+ Kg8 51.
Rc6 Nd7 52. Nxh6+ Kh7 53. Nf5 Kg8 54. b4 Kf7 55. Rxa6 Ke8 56. Nd6+ Kd8 57.
Ra8+ Ke7 58. Re8+ Kf6 59. e5+ Kg6 60. e6 Bxd6 61. exd7 Bxg3 62. d8=Q Bf4 63.
Rg8+ Kf7 64. Qe8+ Kf6 65. Rg6# {Black checkmated} 1-0

[Event "ICC tourney 2957 (40 10)"]
[Site "Internet Chess Club"]
[Date "2022.07.09"]
[Round "1"]
[White "CHINNI, RISHABH:alphachesplayer"]
[Black "LIU, ERIC CHANG:el008"]
[Result "1-0"]
[ICCResult "Black resigns"]
[WhiteElo "1657"]
[BlackElo "2037"]
[Opening "Sicilian: Najdorf"]
[ECO "B90"]
[NIC "SI.14"]
[Time "11:00:21"]
[PlyCount "109"]
[TimeControl "2400+10"]

1. e4 c5 2. Nf3 d6 3. d4 cxd4 4. Nxd4 Nf6 5. Nc3 a6 6. f3 e5 7. Nb3 Be6 8.
Be3 Be7 9. Qd2 O-O 10. O-O-O Nbd7 11. g4 b5 12. g5 Nh5 13. h4 Nb6 14. Nd5
Bxd5 15. exd5 Ng3 16. Rg1 Nxf1 17. Rdxf1 Nc4 18. Qd3 Rc8 19. h5 Qc7 20. Bf2
g6 21. Rg2 a5 22. Rh1 Qd8 23. Be3 Nxe3 24. Qxe3 Qc7 25. Qd3 a4 26. Nd2 a3
27. Ne4 axb2+ 28. Kxb2 Kg7 29. hxg6 fxg6 30. Rgh2 Rh8 31. f4 Qc4 32. Qh3
Qxd5 33. Qd7 Qf7 34. Nxd6 Rcd8 35. Nxf7 Rxd7 36. Nxh8 Kxh8 37. Rxh7+ Kg8 38.
fxe5 Ra7 39. e6 Ba3+ 40. Kb3 Rxh7 41. Rxh7 Bc1 42. e7 Kxh7 43. e8=Q Bxg5 44.
Qxb5 Kh6 45. a4 Be3 46. a5 g5 47. a6 g4 48. Qc6+ Kg5 49. Qe4 Bf2 50. Qe5+
Kg6 51. Qe7 g3 52. a7 g2 53. Qe4+ Kh5 54. Qxg2 Bxa7 55. Qd5+ {Black resigns}
1-0

[Event "ICC tourney 2957 (40 10)"]
[Site "Internet Chess Club"]
[Date "2022.07.09"]
[Round "1"]
[White "WANG, TED:tedwpnw"]
[Black "IVANOV, ALEXANDER:marble"]
[Result "1/2-1/2"]
[ICCResult "Game drawn by repetition"]
[WhiteElo "1824"]
[BlackElo "2354"]
[Opening "Robatsch defense: three pawns attack"]
[ECO "B06"]
[NIC "KF.05"]
[Time "11:12:57"]
[PlyCount "106"]
[TimeControl "2400+10"]

1. e4 g6 2. d4 Bg7 3. f4 d5 4. e5 Nh6 5. Nf3 Bg4 6. h3 Bxf3 7. Qxf3 c5 8.
dxc5 Nc6 9. Bd2 O-O 10. Nc3 e6 11. Bd3 f6 12. exf6 Qxf6 13. O-O Nf5 14. Kh2
Rac8 15. Rae1 Ncd4 16. Qf2 Rxc5 17. Bxf5 gxf5 18. Re5 Rc4 19. b3 Rxc3 20.
Bxc3 Nc6 21. Rfe1 Qf7 22. Qe3 Rd8 23. Bd4 Bxe5 24. Bxe5 d4 25. Qd3 Rd5 26.
c4 Rd7 27. a3 a5 28. c5 Qg6 29. Bd6 Rg7 30. Re2 h5 31. Qc4 Qg3+ 32. Kh1 Rg6
33. Qc1 d3 34. Rd2 Nd4 35. Qd1 Ne2 36. Rxe2 dxe2 37. Qxe2 h4 38. b4 Qxa3 39.
b5 Qc3 40. Be5 Qxc5 41. Qh5 Rg7 42. Qe8+ Qf8 43. Qxe6+ Qf7 44. Qc8+ Kh7 45.
Bxg7 Kxg7 46. Qc3+ Kh7 47. Qxa5 Qc4 48. Qe1 Qxf4 49. Qe7+ Kg6 50. Qe6+ Kg7
51. Qe7+ Kg6 52. Qe6+ Kg7 53. Qe7+ Kg6 {Game drawn by repetition} 1/2-1/2

[Event "ICC tourney 2957 (40 10)"]
[Site "Internet Chess Club"]
[Date "2022.07.09"]
[Round "2"]
[White "IVANOV, ALEXANDER:marble"]
[Black "MCGLORIE,RANDY BRIAN:theone77088"]
[Result "1-0"]
[ICCResult "Black resigns"]
[WhiteElo "2354"]
[BlackElo "1507"]
[Opening "Greco defense"]
[ECO "C40"]
[NIC "KP.10"]
[Time "13:15:29"]
[PlyCount "33"]
[TimeControl "2400+10"]

1. e4 e5 2. Nf3 Qf6 3. Nc3 c6 4. d4 exd4 5. Bg5 Qd6 6. e5 Qb4 7. a3 Qxb2 8.
Na4 Bb4+ 9. Bd2 Bxd2+ 10. Nxd2 Qxa1 11. Qxa1 Ne7 12. Qxd4 O-O 13. Bd3 g6 14.
Nc3 b6 15. Nce4 Nd5 16. c4 Nf4 17. Nf6+ {Black resigns} 1-0

[Event "ICC tourney 2957 (40 10)"]
[Site "Internet Chess Club"]
[Date "2022.07.09"]
[Round "2"]
[White "CARTER, DAVID E:CARTERD253"]
[Black "MARKOVIC, GORAN:Goran21"]
[Result "0-1"]
[ICCResult "White resigns"]
[WhiteElo "1929"]
[BlackElo "1815"]
[Opening "King's Indian: Petrosian system"]
[ECO "E92"]
[NIC "KI.17"]
[Time "13:18:21"]
[PlyCount "84"]
[TimeControl "2400+10"]

1. d4 Nf6 2. c4 g6 3. Nc3 Bg7 4. e4 d6 5. Be2 O-O 6. Nf3 e5 7. d5 Na6 8. O-O
Nc5 9. Qc2 a5 10. Bg5 h6 11. Be3 b6 12. Nd2 Ng4 13. Bxg4 Bxg4 14. b3 Bd7 15.
a3 f5 16. exf5 gxf5 17. f4 e4 18. Ne2 Bxa1 19. Rxa1 Nd3 20. Qc3 Kh7 21. Nf1
Rg8 22. Nfg3 Rg6 23. Ra2 Qe7 24. Nd4 Qf6 25. Re2 Rag8 26. Qd2 Rg4 27. Nf1 h5
28. Nc2 Qh6 29. g3 h4 30. Ne1 Nxe1 31. Qxe1 Be8 32. Rg2 Bh5 33. Bd4 Qf8 34.
h3 R4g6 35. g4 fxg4 36. Qxh4 Rh6 37. hxg4 Bxg4 38. Qe1 Bf3 39. Rxg8 Qxg8+
40. Kf2 Qg2+ 41. Ke3 Rh1 42. Qf2 Qxf1 {White resigns} 0-1

[Event "ICC tourney 2957 (40 10)"]
[Site "Internet Chess Club"]
[Date "2022.07.09"]
[Round "2"]
[White "SHEEHAN, ETHAN THOMAS:Chessking2008"]
[Black "CHINNI, RISHABH:alphachesplayer"]
[Result "1-0"]
[ICCResult "Black resigns"]
[WhiteElo "2255"]
[BlackElo "1657"]
[Opening "English opening"]
[ECO "A20"]
[NIC "EO.24"]
[Time "13:16:03"]
[PlyCount "77"]
[TimeControl "2400+10"]

1. c4 e5 2. g3 Nf6 3. Bg2 Bc5 4. Nc3 O-O 5. a3 a5 6. e3 Re8 7. Nge2 d6 8.
O-O Nbd7 9. d4 Bb6 10. Rb1 c5 11. dxc5 Nxc5 12. b4 axb4 13. axb4 Ne6 14. Nb5
Bc7 15. Bb2 Bd7 16. Nec3 Bc6 17. Qd3 Qd7 18. Rfd1 Rad8 19. Nxc7 Qxc7 20. Nd5
Bxd5 21. cxd5 Nf8 22. Qb5 Ng6 23. Rbc1 Qe7 24. Rc2 Rc8 25. Rdc1 Rxc2 26.
Rxc2 h6 27. Qb6 e4 28. Rc7 Qd8 29. Qxb7 Rf8 30. Bh3 Nxd5 31. Rc8 Qg5 32. Be6
Nde7 33. Rxf8+ Nxf8 34. Bb3 d5 35. h4 Qg4 36. Qxe7 Qe2 37. Qe5 Qe1+ 38. Kg2
Ne6 39. Bxd5 {Black resigns} 1-0

[Event "ICC tourney 2957 (40 10)"]
[Site "Internet Chess Club"]
[Date "2022.07.09"]
[Round "2"]
[White "QUIRKE, JEFFREY L:PawnEatingZombi"]
[Black "MAMMADOV, ZAUR:zaur94"]
[Result "0-1"]
[ICCResult "White resigns"]
[WhiteElo "2043"]
[BlackElo "2552"]
[Opening "QGD semi-Slav: Stoltz variation"]
[ECO "D45"]
[NIC "SL.08"]
[Time "13:15:11"]
[PlyCount "114"]
[TimeControl "2400+10"]

1. d4 d5 2. c4 c6 3. Nc3 Nf6 4. e3 e6 5. Nf3 Nbd7 6. Qc2 Bd6 7. b3 O-O 8.
Be2 Qe7 9. O-O b6 10. Bb2 Bb7 11. Rfe1 Rac8 12. e4 Nxe4 13. Nxe4 dxe4 14.
Qxe4 Nf6 15. Qc2 Rfd8 16. Bd3 Ba3 17. Bc3 Bb4 18. Bxb4 Qxb4 19. c5 bxc5 20.
dxc5 Rd5 21. Rec1 Rcd8 22. a3 Qf4 23. Bf1 Ne4 24. Rd1 Nxc5 25. Rxd5 Rxd5 26.
b4 Ne4 27. Rd1 Qd6 28. Rxd5 cxd5 29. Qa4 Qb8 30. Qd7 g6 31. h4 Qc8 32. Qxc8+
Bxc8 33. Ne5 Kf8 34. Nc6 Bd7 35. Nxa7 Nc3 36. b5 Ke7 37. b6 Kd6 38. Ba6 Na4
39. b7 Kc7 40. Nb5+ Bxb5 41. Bxb5 Nc5 42. Be8 f6 43. Bf7 Kxb7 44. Bg8 h6 45.
Bf7 g5 46. hxg5 hxg5 47. Kf1 Kb6 48. Ke2 Kb5 49. g3 Kc4 50. f4 gxf4 51. gxf4
Kd4 52. a4 Nxa4 53. Bxe6 Ke4 54. f5 Nc5 55. Bc8 Nb3 56. Bd7 Nd4+ 57. Kd2
Nxf5 {White resigns} 0-1

[Event "ICC tourney 2957 (40 10)"]
[Site "Internet Chess Club"]
[Date "2022.07.09"]
[Round "2"]
[White "ALEKSANDROV, ALEKSEJ:Aleksandrov73"]
[Black "Turcotte, Jonathan:JonnyTurgi"]
[Result "1/2-1/2"]
[ICCResult "Game drawn by repetition"]
[WhiteElo "2554"]
[BlackElo "2000"]
[Opening "QGD semi-Slav: Meran variation"]
[ECO "D47"]
[NIC "SL.09"]
[Time "13:16:03"]
[PlyCount "134"]
[TimeControl "2400+10"]

1. d4 d5 2. c4 c6 3. Nc3 Nf6 4. e3 e6 5. Nf3 Nbd7 6. Bd3 dxc4 7. Bxc4 b5 8.
Be2 Bb7 9. O-O a6 10. e4 c5 11. e5 Nd5 12. Ne4 h6 13. a4 b4 14. a5 Rc8 15.
Re1 cxd4 16. Qxd4 Nc5 17. Nxc5 Rxc5 18. Bd2 Qc7 19. h4 g6 20. h5 g5 21. Rec1
Be7 22. Nh2 Kf8 23. Ng4 Kg7 24. Bd3 Nf4 25. Bxf4 gxf4 26. Rxc5 Qxc5 27. Qxf4
Bg5 28. Qc4 Qxc4 29. Bxc4 Rd8 30. b3 Rd4 31. Nf6 Bf4 32. Ne8+ Kf8 33. Nd6
Bd5 34. Re1 f6 35. Bxd5 Rxd5 36. Nc4 Bxe5 37. Nxe5 fxe5 38. Re4 Rxa5 39.
Rxb4 Kf7 40. g4 Kf6 41. Kg2 Kg5 42. Kg3 Rb5 43. Rxb5 axb5 44. b4 e4 45. Kh3
Kf4 46. Kh4 e5 47. Kh3 Kf3 48. g5 hxg5 49. h6 g4+ 50. Kh4 g3 51. fxg3 e3 52.
h7 e2 53. h8=Q e1=Q 54. Qf6+ Kg2 55. Qc6+ e4 56. Qc2+ Kf3 57. Qb3+ e3 58.
Qd5+ Kf2 59. Qxb5 Qh1+ 60. Kg5 e2 61. Qc5+ Kf1 62. Qf5+ Kg1 63. Qb1+ Kh2 64.
Qh7+ Kg1 65. Qb1+ Kh2 66. Qh7+ Kg1 67. Qb1+ Kh2 {Game drawn by repetition}
1/2-1/2

[Event "ICC tourney 2957 (40 10)"]
[Site "Internet Chess Club"]
[Date "2022.07.09"]
[Round "2"]
[White "Gaw, Chloe:HarleyQueen8"]
[Black "POWER, SEAN K:KnightHopper"]
[Result "1-0"]
[ICCResult "Black resigns"]
[WhiteElo "1822"]
[BlackElo "1893"]
[Opening "QGD semi-Slav: 5...Nd7"]
[ECO "D45"]
[NIC "SL.08"]
[Time "13:16:03"]
[PlyCount "125"]
[TimeControl "2400+10"]

1. d4 d5 2. c4 c6 3. Nc3 Nf6 4. e3 e6 5. Nf3 Nbd7 6. Be2 dxc4 7. a4 Bb4 8.
Bxc4 Ne4 9. Qc2 Qa5 10. Qxe4 Bxc3+ 11. Bd2 Bxd2+ 12. Nxd2 O-O 13. Qc2 e5 14.
O-O exd4 15. exd4 Nf6 16. Rfe1 Bf5 17. Qc1 Rfe8 18. Nf3 Be4 19. Ne5 Bd5 20.
Bd3 Qb4 21. Qc3 Qd6 22. Re3 Rad8 23. Bc2 Be6 24. Rd1 Nd5 25. Qd3 g6 26. Rg3
Nb4 27. Qc3 Nxc2 28. Qxc2 Bf5 29. Qxf5 Rxe5 30. Qb1 Rd5 31. Rgd3 Qb4 32. b3
c5 33. dxc5 Qxc5 34. h3 Rxd3 35. Rxd3 Re8 36. Qd1 Qa5 37. Qf3 Re1+ 38. Kh2
Qc7+ 39. Qg3 Qc1 40. Qb8+ Kg7 41. Qxa7 Rh1+ 42. Kg3 Qg5+ 43. Kf3 Qf5+ 44.
Ke2 Qe5+ 45. Qe3 Qb2+ 46. Rd2 Qc1 47. Qd4+ Kg8 48. Qd5 Qf1+ 49. Kf3 Rg1 50.
Kg3 Qc1 51. Re2 Qc3+ 52. Re3 Qc7+ 53. Qe5 Qb6 54. Qc3 Qd6+ 55. f4 Qd7 56.
Rd3 Qe7 57. Re3 Qd7 58. Qc5 Rb1 59. Re7 Rxb3+ 60. Kh2 Qc6 61. Qe5 Kf8 62.
Rc7 f6 63. Qe7+ {Black resigns} 1-0

[Event "ICC tourney 2957 (40 10)"]
[Site "Internet Chess Club"]
[Date "2022.07.09"]
[Round "2"]
[White "LIU, ERIC CHANG:el008"]
[Black "WEI, JAMES:garynanoman"]
[Result "0-1"]
[ICCResult "White resigns"]
[WhiteElo "2037"]
[BlackElo "1845"]
[Opening "Sicilian: accelerated fianchetto, modern variation with Bc4"]
[ECO "B35"]
[NIC "SI.33"]
[Time "13:15:07"]
[PlyCount "166"]
[TimeControl "2400+10"]

1. e4 c5 2. Nf3 g6 3. d4 cxd4 4. Nxd4 Nc6 5. Nc3 Bg7 6. Be3 Nf6 7. Bc4 Qa5
8. O-O O-O 9. Bb3 d6 10. f3 Bd7 11. Re1 Rfc8 12. Qe2 Nxd4 13. Bxd4 Ng4 14.
Qd2 Bxd4+ 15. Qxd4 Qe5 16. Qxe5 Nxe5 17. Nd5 Kf8 18. Rad1 Be6 19. c3 Bxd5
20. exd5 b5 21. f4 Nd7 22. Re2 Nc5 23. Bc2 a5 24. a3 b4 25. axb4 axb4 26.
cxb4 Na6 27. b5 Nb4 28. Bb3 Ra5 29. Rd4 Rxb5 30. Ba4 Rb6 31. Kf2 Na6 32. Bc6
Nc5 33. Rc2 Rcb8 34. Ke2 Rxb2 35. Rc4 R8b4 36. Rxb4 Rxb4 37. g3 Kg7 38. Ra2
Nb3 39. Ra8 Nc5 40. Re8 Kf6 41. Rf8 e5 42. fxe5+ dxe5 43. d6 Ne6 44. Rc8
Nd4+ 45. Kd3 Nxc6 46. Rxc6 Ke6 47. Ke3 Rd4 48. d7+ Kxd7 49. Ra6 Ke7 50. Rb6
h5 51. Ra6 h4 52. Rb6 hxg3 53. hxg3 Rd6 54. Rb8 f5 55. g4 Kf6 56. gxf5 gxf5
57. Rf8+ Kg5 58. Rg8+ Rg6 59. Rf8 Ra6 60. Rg8+ Kf6 61. Rf8+ Kg6 62. Rg8+ Kf7
63. Rb8 Ra3+ 64. Ke2 f4 65. Rb6 Rg3 66. Kf2 Rg6 67. Rb7+ Ke6 68. Ra7 e4 69.
Ra6+ Kf5 70. Ra5+ Kg4 71. Ra1 e3+ 72. Ke2 Rb6 73. Rg1+ Kf5 74. Kd3 Rd6+ 75.
Ke2 Ke4 76. Ra1 f3+ 77. Kf1 Rd1+ 78. Rxd1 e2+ 79. Ke1 exd1=Q+ 80. Kxd1 Kd3
81. Ke1 Ke3 82. Kf1 f2 83. Kg2 Ke2 {White resigns} 0-1

[Event "ICC tourney 2957 (40 10)"]
[Site "Internet Chess Club"]
[Date "2022.07.09"]
[Round "3"]
[White "YIM, SUNGHO:polygon3"]
[Black "MARKOVIC, GORAN:Goran21"]
[Result "0-1"]
[ICCResult "White resigns"]
[WhiteElo "2301"]
[BlackElo "1815"]
[Opening "King's Indian: Gligoric-Taimanov system"]
[ECO "E92"]
[NIC "KI.18"]
[Time "15:30:11"]
[PlyCount "64"]
[TimeControl "2400+10"]

1. d4 Nf6 2. c4 g6 3. Nc3 d6 4. e4 Bg7 5. Nf3 O-O 6. Be2 e5 7. Be3 Nc6 8. d5
Ne7 9. Nd2 Ne8 10. f3 f5 11. c5 Kh8 12. Qb3 c6 13. O-O cxd5 14. exd5 f4 15.
Bf2 Nf5 16. Nde4 Nd4 17. Bxd4 exd4 18. Na4 dxc5 19. Naxc5 Nd6 20. Nxd6 Qxd6
21. Ne4 Qe5 22. Rfe1 Qh5 23. Rac1 Qh4 24. Bd3 Rf5 25. Nd6 Rf8 26. Re2 g5 27.
Rec2 Bd7 28. Qxb7 Rad8 29. Rc7 Rb8 30. Qxa7 Rxb2 31. Bf1 Qf2+ 32. Kh1 Bh3
{White resigns}
0-1

[Event "ICC tourney 2957 (40 10)"]
[Site "Internet Chess Club"]
[Date "2022.07.09"]
[Round "3"]
[White "MCGLORIE,RANDY BRIAN:theone77088"]
[Black "Gaw, Chloe:HarleyQueen8"]
[Result "0-1"]
[ICCResult "White resigns"]
[WhiteElo "1507"]
[BlackElo "1822"]
[Opening "Sicilian"]
[ECO "B55"]
[NIC "SI.01"]
[Time "15:30:18"]
[PlyCount "82"]
[TimeControl "2400+10"]

1. e4 c5 2. Nf3 d6 3. d4 cxd4 4. Nxd4 Nf6 5. Bd3 Nc6 6. Nxc6 bxc6 7. h3 e5
8. Qf3 Be7 9. O-O O-O 10. c3 d5 11. Rd1 Be6 12. Nd2 Qd7 13. Nf1 Rfd8 14. Be3
Qb7 15. b3 a5 16. Ng3 g6 17. Bg5 Kg7 18. Bxf6+ Bxf6 19. Qe3 Qe7 20. Qe2 a4
21. c4 d4 22. Bc2 axb3 23. axb3 Bh4 24. Nh1 Qb4 25. Qf3 Rxa1 26. Rxa1 d3 27.
Bxd3 Qxb3 28. Qe2 Qxd3 29. Qxd3 Rxd3 30. g3 Be7 31. Kg2 Bxc4 32. Rc1 Bb5 33.
h4 c5 34. Kh3 c4 35. f3 c3 36. Nf2 Rxf3 37. Nd1 Bb4 38. Kg2 Rd3 39. Kf2 Rd2+
40. Ke3 Bc5+ 41. Kf3 Be2+ {White resigns} 0-1

[Event "ICC tourney 2957 (40 10)"]
[Site "Internet Chess Club"]
[Date "2022.07.09"]
[Round "3"]
[White "Laido, Olivia:beibeiolivia"]
[Black "QUIRKE, JEFFREY L:PawnEatingZombi"]
[Result "0-1"]
[ICCResult "White checkmated"]
[WhiteElo "1648"]
[BlackElo "2043"]
[Opening "Two knights defense (Modern bishop's opening)"]
[ECO "C55"]
[NIC "IG.01"]
[Time "15:30:07"]
[PlyCount "60"]
[TimeControl "2400+10"]

1. e4 e5 2. Nf3 Nc6 3. Bc4 Nf6 4. d3 h6 5. c3 d6 6. Nbd2 g5 7. Nf1 Bg7 8.
Ng3 a6 9. Bb3 O-O 10. O-O Ne7 11. Be3 Ng6 12. Bc2 g4 13. Nd2 Nf4 14. Nb3 Nh7
15. Qd2 Ng6 16. Bxh6 Qh4 17. Bxg7 Kxg7 18. d4 Ng5 19. Qe3 Rh8 20. Rfd1 Qxh2+
21. Kf1 Nf4 22. Qxf4 exf4 23. Nf5+ Bxf5 24. exf5 f3 25. gxf3 gxf3 26. Ke1
Rae8+ 27. Kd2 Qf4+ 28. Kd3 Qxf5+ 29. Kd2 Re2+ 30. Kc1 Qxc2# {White
checkmated} 0-1

[Event "ICC tourney 2957 (40 10)"]
[Site "Internet Chess Club"]
[Date "2022.07.09"]
[Round "3"]
[White "Turcotte, Jonathan:JonnyTurgi"]
[Black "IVANOV, ALEXANDER:marble"]
[Result "0-1"]
[ICCResult "White resigns"]
[WhiteElo "2000"]
[BlackElo "2354"]
[Opening "Modern defense: Averbakh system"]
[ECO "A40"]
[NIC "KF.04"]
[Time "15:30:10"]
[PlyCount "58"]
[TimeControl "2400+10"]

1. d4 g6 2. e4 Bg7 3. c4 d6 4. Nc3 c5 5. d5 e6 6. h3 exd5 7. cxd5 a6 8. a4
Nd7 9. Be2 Ne5 10. f4 Qh4+ 11. Kf1 Nd7 12. Nf3 Qd8 13. Kf2 Ne7 14. Re1 O-O
15. Bc4 Rb8 16. a5 b5 17. axb6 Nxb6 18. Bxa6 Ra8 19. Qe2 c4 20. Bxc8 Rxa1
21. Bb7 Qd7 22. Bc6 Nxc6 23. dxc6 Qxc6 24. e5 Re8 25. g4 dxe5 26. fxe5 Nd7
27. Qe4 Qxe4 28. Nxe4 Nxe5 29. Nxe5 Rxe5 {White resigns} 0-1

[Event "ICC tourney 2957 (40 10)"]
[Site "Internet Chess Club"]
[Date "2022.07.09"]
[Round "3"]
[White "MAMMADOV, ZAUR:zaur94"]
[Black "SHEEHAN, ETHAN THOMAS:Chessking2008"]
[Result "1-0"]
[ICCResult "Black resigns"]
[WhiteElo "2552"]
[BlackElo "2255"]
[Opening "Sicilian: Alapin's variation (2.c3)"]
[ECO "B22"]
[NIC "SI.46"]
[Time "15:30:57"]
[PlyCount "127"]
[TimeControl "2400+10"]

1. e4 c5 2. c3 Nf6 3. e5 Nd5 4. Nf3 Nc6 5. Bc4 Nb6 6. Bb3 d5 7. exd6 Qxd6 8.
O-O g6 9. Na3 Bg7 10. d4 cxd4 11. Nb5 Qd8 12. Nfxd4 Nxd4 13. Nxd4 O-O 14.
Qf3 e5 15. Nb5 Qe7 16. Be3 e4 17. Qe2 Bd7 18. Nxa7 Na4 19. Nb5 Nxb2 20. Nc7
Nd3 21. Nxa8 Rxa8 22. Bd4 Bc6 23. Bxg7 Kxg7 24. Qe3 Rd8 25. Rad1 f5 26. f4
Qf6 27. c4 Qd4 28. Rfe1 Qf6 29. Re2 Nxf4 30. Qxf4 Rxd1+ 31. Bxd1 Qd4+ 32.
Qe3 Qxd1+ 33. Kf2 Qd6 34. g3 Qf6 35. Rd2 g5 36. Qb6 Qe5 37. Qd4 Kf6 38. Qd8+
Kg6 39. Qd6+ Qf6 40. Ke3 Kf7 41. Rd4 h5 42. c5 h4 43. Qc7+ Ke8 44. a4 hxg3
45. hxg3 f4+ 46. gxf4 gxf4+ 47. Qxf4 Qe6 48. Qb8+ Ke7 49. Qd6+ Qxd6 50.
cxd6+ Kd7 51. a5 Kd8 52. Kf4 Kd7 53. Rd2 Ke6 54. d7 Bxd7 55. Kxe4 Bc6+ 56.
Kd4 Kd6 57. Rh2 Bd5 58. Rh6+ Be6 59. Rg6 Kd7 60. Kc5 Bf5 61. Rg7+ Kc8 62.
Kb6 Be4 63. Rg8+ Kd7 64. Rb8 {Black resigns} 1-0